 Dungeon Crawl Stone Soup version 0.30-a0-757-ga6a79fd877 (webtiles) character file.

Game seed: 12795237115944484001

49 Newt the Shooter (level 4, -2/30 HPs)
             Began as a Kobold Hunter on Feb 9, 2023.
             Slain by an adder (3 damage)
             ... on level 2 of the Dungeon.
             The game lasted 00:01:19 (667 turns).

Newt the Shooter (Kobold Hunter)                     Turns: 667, Time: 00:01:20

Health: -2/30      AC:  3    Str:  8    XL:     4   Next: 2%
Magic:  4/4        EV: 14    Int: 10    God:
Gold:   74         SH:  0    Dex: 20    Spells: 3/3 levels left

rFire   . . .      SeeInvis .    a - +0 shortbow
rCold   . . .      Faith    .    (shield currently unavailable)
rNeg    . . .      Spirit   .    c - +0 leather armour
rPois   .          Reflect  .    (no helmet)
rElec   .          Harm     .    (no cloak)
rCorr   .          Rampage  .    (no gloves)
Will    .....                    (no boots)
Stlth   +++                      (no amulet)
HPRegen 0.25/turn                (no ring)
MPRegen 0.09/turn                (no ring)

@: lethally poisoned (-2 -> -5)
A: small, no large weapons, nightstalker 3
a: no special abilities


You were on level 2 of the Dungeon.
You visited 1 branch of the dungeon, and saw 2 of its levels.

You collected 74 gold pieces.

Inventory:

Hand Weapons
 a - a +0 shortbow (weapon)
Armour
 c - a +0 leather armour (worn)
Scrolls
 b - a scroll of immolation
 e - a scroll of vulnerability {unknown}


   Skills:
 + Level 4.4 Fighting
 - Level 5.3 Ranged Weapons
 - Level 2.4 Dodging
 - Level 1.3 Stealth


You had 3 spell levels left.
You didn't know any spells.
Your spell library contained the following spells:

 Spells                   Type           Power      Damage    Failure   Level
 Apportation              Tloc           0%         N/A       50%         1
 Necrotise                Necr           0%         1d4       50%         1
 Summon Small Mammal      Summ           0%         N/A       50%         1


Dungeon Overview and Level Annotations

Branches:
Dungeon (2/15)

Altars:
Kikubaaqudgha

Annotations:
D:2 Sigmund


Innate Abilities, Weirdness & Mutations

You are small and have problems with some larger weapons.
You are completely attuned to the shadows.


Message History

No target in view!
No target in view!
Found a stone staircase leading down.
There is a stone staircase leading down here.
Sigmund the Dreaded comes into view.
He is wielding a +4 scythe of freezing.
Sigmund is nearby!
You shoot an arrow. The arrow hits Sigmund.
Sigmund shouts!
Sigmund is lightly wounded.
An adder comes into view.
You shoot an arrow. The adder hisses angrily.
The arrow hits the adder.
The adder is heavily wounded.
The adder attacks as you move away! The adder barely misses you.
Sigmund gestures wildly while chanting.
Sigmund flickers and vanishes!
Deactivating autopickup; reactivate with Ctrl-A.
The adder barely misses you. The adder attacks as you move away!
The adder completely misses you. The adder attacks as you move away!
The adder bites you.
You are poisoned.
The adder poisons you!
You feel sick. The adder bites you.
You are more poisoned.
The adder poisons you!
You shoot an arrow. The arrow closely misses the adder.
You feel very sick. The adder misses you.
You shoot an arrow. The arrow barely misses the adder.
You feel sick. The adder closely misses you. Something hits you!
Something freezes you.
* * * LOW HITPOINT WARNING * * *
The adder completely misses you. The adder attacks as you move away!
The adder bites you.
* * * LOW HITPOINT WARNING * * *
x2 You feel sick.
There is a stone staircase leading down here.
It was a potion of cancellation.
You feel magically purged.
* * * LOW HITPOINT WARNING * * *
You feel sick. The adder bites you.
You die...

.†............#
..............#
..............#
..............#
###...........# #
#...........#
#*####.....##.#
#,,,,,,....##.####
',,,,,,,,.......@#
*,,,,,***#######S#
*,,,,,,,,,*#####.#
*,,,,,,,,,,......#
*,,,,,,,,,,......#
*,,,,,,,,,,......#**
*,,,,,,,,,,......#,*
*,,,,,,,,,*#####.#,*
,,,,,,,,,,* *,,...,*


You could see an adder.

Vanquished Creatures
  2 dart slugs
  3 endoplasms (D:1)
  2 goblins
  7 hobgoblins
  7 jackals
  2 kobolds (D:1)
  A quokka (D:1)
  3 ball pythons (D:1)
  6 bats (D:1)
  3 frilled lizards
  4 rats
40 creatures vanquished.

Notes
Turn   | Place    | Note
-------+----------+-------------------------------------------
     0 | D:1      | Newt the Kobold Hunter began the quest for the Orb.
     0 | D:1      | Reached XP level 1. HP: 12/12 MP: 1/1
    27 | D:1      | Reached XP level 2. HP: 13/18 MP: 2/2
   117 | D:1      | Reached XP level 3. HP: 23/23 MP: 3/3
   551 | D:2      | Found an ancient bone altar of Kikubaaqudgha.
   603 | D:2      | Reached XP level 4. HP: 26/30 MP: 4/4
   656 | D:2      | Noticed Sigmund
   667 | D:2      | HP: 1/30 [poisoned by an adder]
   667 | D:2      | Slain by an adder

Illustrated notes

Levels and vault maps discovered:
D:1:      amcnicky_arrival_gap_in_the_tavern_cellar, layout_rooms,
          hangedman_decor_growths
D:2:      layout_basic, basic_altar, uniq_sigmund

Skill      XL: |  1  2  3 |
---------------+----------+-----
Fighting       | 3 4 |  4.4
Ranged Weapons | |  5.3
Dodging        | |  2.4
Stealth        | |  1.3

Action                     |  1- 3 |  4- 6 || total
---------------------------+-------+-------++-------
   Fire: Shortbow          |    89 |     5 ||    94
    Use: Scroll            |     2 |       ||     2
         Potion            |       |     1 ||     1
 Armour: Leather armour    |    12 |       ||    12
  Dodge: Dodged            |    62 |     6 ||    68

Table legend: (Time is in decaauts)
 A = Elapsed time spent in this place.
 B = Non-inter-level travel time spent in this place.
 C = Inter-level travel time spent in this place.
 D = Time resting spent in this place.
 E = Time spent auto-exploring this place.
 F = Levels seen in this place.
 G = Mean time per level.
                   A        B        C        D        E       F      G
               +--------+--------+--------+--------+--------+-----+--------+
         Total |    693 |    687 |      6 |      0 |    515 |   2 |  346.5 |
       Dungeon |    693 |    687 |      6 |      0 |    515 |   2 |  346.5 |
               +--------+--------+--------+--------+--------+-----+--------+

Top non-repeatable levels by time:
     D:1: 526 daAuts
     D:2: 167 daAuts
